 Dungeon Crawl Stone Soup version 0.29.0-5-ge4962eb29e (webtiles) character file.

Game seed: 6133172879966495113

4967 Doot the Covert (level 10, -1/60 HPs)
             Began as an Octopode Venom Mage on Aug 29, 2022.
             Was a Follower of Vehumet.
             Slain by a troll (18 damage)
             ... on level 9 of the Dungeon.
             The game lasted 00:34:32 (13901 turns).

Doot the Covert (Octopode Venom Mage)              Turns: 13901, Time: 00:34:32

Health: -1/60      AC:  1    Str:  7    XL:     10   Next: 53%
Magic:  15/20      EV: 23    Int: 21    God:    Vehumet [*.....]
Gold:   622        SH:  5    Dex: 20    Spells: 9/23 levels left

rFire   . . .      SeeInvis .   y - +2 dagger (drain)
rCold   . . .      Faith    .   (no shield)
rNeg    . . .      Spirit   .   (helmet restricted)
rPois   .          Reflect  +   K - amulet of reflection
rElec   .          Harm     .   c - +4 ring of evasion
rCorr   +          Rampage  .   i - +4 ring of evasion
Will    .....                   G - ring of resist corrosion
Stlth   +++++.....              v - +6 ring of dexterity
HPRegen 0.20/turn               (no ring)
MPRegen 0.17/turn               (no ring)
                                (no ring)
                                (no ring)

@: no status effects
A: almost no armour, amphibious, 8 rings, camouflage 1, gelatinous body 1,
(nimble swimmer 1), tentacles
a: Renounce Religion


You were on level 9 of the Dungeon.
You worshipped Vehumet.
Vehumet was aware of your devotion.
You visited 2 branches of the dungeon, and saw 11 of its levels.
You also visited: Ossuary.

You collected 726 gold pieces.
You spent 104 gold pieces at shops.

Inventory:

Hand Weapons
 b - a +0 dagger
 j - a +0 dagger of freezing
 t - a +0 dagger of holy wrath
 y - a +2 dagger of draining (weapon)
Missiles
 s - 4 curare-tipped darts
 z - a throwing net
 F - 71 stones
Jewellery
 c - a +4 ring of evasion (left tentacle)
 i - a +4 ring of evasion (right tentacle)
 v - a +6 ring of dexterity (on tentacle)
 G - a ring of resist corrosion (on tentacle)
 K - an amulet of reflection (around mantle)
Wands
 x - a wand of charming (9)
 I - a wand of flame (10)
Scrolls
 f - 4 scrolls of teleportation
 p - 5 scrolls of butterflies
 q - 3 scrolls of vulnerability {unknown}
 u - a scroll of noise {unknown}
 A - 3 scrolls of amnesia {unknown}
 B - 3 scrolls of magic mapping
 D - a scroll of poison {unknown}
 E - 2 scrolls of enchant armour
 J - a scroll of summoning {unknown}
 L - a scroll of silence {unknown}
 M - a scroll of blinking {unknown}
 N - a scroll of identify
 O - a scroll of fear {unknown}
Potions
 a - a potion of magic
 d - 4 potions of lignification
 e - a potion of attraction
 g - 2 potions of curing
 h - 7 potions of heal wounds
 k - a potion of invisibility {unknown}
 l - 4 potions of flight
 m - a potion of brilliance {unknown}
 n - 3 potions of haste
 o - 2 potions of berserk rage
 r - 3 potions of mutation
 w - 3 potions of cancellation
 C - 4 potions of might
 H - a potion of resistance {unknown}


   Skills:
 + Level 1.8 Fighting
 + Level 5.0 Short Blades
 + Level 3.9 Dodging
 + Level 8.6 Stealth
 + Level 0.8 Shields
 + Level 7.1 Spellcasting
 * Level 2.4 Conjurations
 + Level 3.0 Transmutations
 * Level 4.0 Ice Magic
 + Level 2.6 Air Magic
 + Level 3.3 Earth Magic
 + Level 8.5 Poison Magic


You had 9 spell levels left.
You knew the following spells:

 Your Spells              Type           Power      Damage    Failure   Level
a - Sting                 Tmut/Pois      100%       1d8       1%          1
b - Mephitic Cloud        Conj/Pois/Air  26%        N/A       4%          3
c - Olgreb's Toxic Radia  Pois           43%        N/A       2%          4
d - Sandblast             Erth           42%        2d11      2%          1
e - Freezing Cloud        Conj/Ice/Air   10%        6-21      56%         5

Your spell library contained the following spells:

 Spells                   Type           Power      Damage    Failure   Level
 Poisonous Vapours        Pois/Air       60%        N/A       1%          2
 Frozen Ramparts          Ice            48%        1d8       4%          3
 Ice Form                 Ice/Tmut       22%        N/A       21%         4
 Summon Ice Beast         Ice/Summ       15%        N/A       36%         4
 Animate Dead             Necr           7%         N/A       65%         4
 Cause Fear               Hex            3%         N/A       65%         4
 Borgnjor's Vile Clutch   Necr/Erth      7%         N/A       77%         5
 Simulacrum               Ice/Necr       7%         N/A       99%         6
 Death Channel            Necr           3%         N/A       100%        6
 Dragon Form              Tmut           10%        N/A       100%        7
 Dragon's Call            Summ           3%         N/A       100%        9
 Polar Vortex             Ice            12%        N/A       100%        9


Dungeon Overview and Level Annotations

Branches:
Dungeon (10/15)            Temple (1/1) D:7         Ossuary (visited)
   Lair: D:8-11         Orc: D:9-12

Altars:
Ashenzari
Dithmenos
Elyvilon
Fedhas
Gozag
Hepliaklqana
Kikubaaqudgha
Nemelex Xobeh
Okawaru
Qazlal
Ru
Sif Muna
Trog
Vehumet
Wu Jian
Xom
Yredelemnul
Zin
The Shining One

Shops:
D:3 *   D:6 ((=

Annotations:
D:5 exclusions: door and 1 more exclusion


Innate Abilities, Weirdness & Mutations

You cannot wear most types of armour.
You are amphibious.
You can wear up to eight rings at the same time.
Your skin changes colour to match your surroundings (Stealth+).
Your rubbery body absorbs attacks. (AC +1, EV +1)
((You are camouflaged when in or above water. (Stealth+)))
You have tentacles for arms and can constrict up to eight enemies at once.


Message History

The troll bites you! The troll closely misses you. x2
The killer bee buzzes angrily.
There is a stone staircase leading up, spattered with blood here.
Unknown command.
Something unseen opens the door.
You climb upwards.
There is a stone staircase leading down here.
Unknown command.
The troll completely misses you. The troll closely misses you.
The troll claws you but does no damage. The troll attacks as you move away!
The troll misses you. You block the troll's attack.
The troll closely misses you.
Casting: Olgreb's Toxic Radiance (dangerous; 2% risk of failure)
Confirm with . or Enter, or press ? or * to list all spells.
You begin to radiate toxic energy.
The troll is poisoned.
The troll closely misses you. The troll claws you.
You block the troll's attack.
Unknown command.
The troll attacks as you move away! The troll bites you!
The troll barely misses you. The troll closely misses you.
Your toxic aura wanes.
The troll attacks as you move away! The troll misses you. x2
The troll claws you.
The troll looks more healthy.
Casting: Olgreb's Toxic Radiance (dangerous; 2% risk of failure)
Confirm with . or Enter, or press ? or * to list all spells.
You begin to radiate toxic energy.
The troll is poisoned.
The troll bites you!
* * * LOW HITPOINT WARNING * * *
You block the troll's attack. The troll completely misses you.
Unknown command.
The troll looks even sicker.
Your toxic aura wanes.
The troll attacks as you move away! You block the troll's attack.
The troll claws you.
* * * LOW HITPOINT WARNING * * *
You block the troll's attack. The troll attacks as you move away!
You block the troll's attack. The troll misses you. x2
The troll attacks as you move away! The troll bites you!!
You die...

###....## #......##..# #.
##.......## #..........## #.
..........## #..##...#...## ##
...........## ##..##..####..### #
............###...#...# ##...###
.................#...## #....##
.................#...# ##....)
#..........###......## #.....
##.......### ##T@...# ##.....
#..##..## ##.....## ###..[...
##..##...# ##...#...####........
#...###..####...####....[.[.#....
....###..#......# ##....#####...
................# ##...### ###.
..........##....###.....## #..
....#####.###....#...#...## #..
....# #..##.......###...#####..


You could see a troll (poisoned).

Vanquished Creatures
  Sigmund (D:4)
  A wyvern (D:7)
  4 yaks (D:9)
  2 steam dragons
  Edmund (D:4)
  Duvessa (D:6)
  An acid dragon (D:5)
  A water moccasin (D:5)
  2 orc warriors
  2 black bears
  3 ice beasts
  4 centaurs
  An ogre (D:5)
  A phantom (D:6)
  5 kobold brigands
  4 bullfrogs
  3 necrophages
  A scorpion (D:5)
  2 wights
  Dowan (D:6)
  9 killer bees
  4 crimson imps (D:3)
  A hound (D:5)
  2 jellies
  2 orc priests
  5 iguanas
  5 orc wizards
  9 mummies
  7 adders
  2 shadow imps
  3 white imps
  An ufetubus (D:5)
  3 adder skeletons (D:2)
  2 worms
  6 dart slugs
  20 orcs
  8 endoplasms
  6 giant cockroaches
  10 goblins
  9 hobgoblins
  6 jackals
  25 kobolds
  11 ball pythons
  2 ball python skeletons (D:2)
  A ball python zombie (D:2)
  5 bats
  2 frilled lizards
  2 hobgoblin zombies (Ossuary)
  6 orc zombies (Ossuary)
  8 rats
223 creatures vanquished.

Vanquished Creatures (others)
  5 plants (D:1)
  4 withered plants (D:2)
9 creatures vanquished.

Grand Total: 232 creatures vanquished

Notes
Turn   | Place    | Note
-------+----------+-------------------------------------------
     0 | D:1      | Doot the Octopode Venom Mage began the quest for the Orb.
     0 | D:1      | Reached XP level 1. HP: 11/11 MP: 3/3
   261 | D:1      | Reached XP level 2. HP: 17/17 MP: 0/5
   352 | D:1      | Found a faded altar of an unknown god.
   667 | D:1      | Reached XP level 3. HP: 20/21 MP: 6/6
  1121 | D:1      | Learned a level 3 spell: Mephitic Cloud
  1371 | D:2      | Reached XP level 4. HP: 20/27 MP: 6/8
  1499 | D:2      | Reached skill level 1 in Short Blades
  1535 | D:2      | Learned a level 4 spell: Olgreb's Toxic Radiance
  2501 | D:3      | Found Luigg's General Store.
  2509 | D:3      | Bought a scroll of magic mapping for 82 gold pieces
  2509 | D:3      | Bought a scroll of identify for 22 gold pieces
  2911 | D:3      | Reached XP level 5. HP: 32/32 MP: 3/9
  3230 | D:3      | Found a shimmering altar of Xom.
  3273 | D:3      | Reached XP level 6. HP: 31/37 MP: 8/10
  3599 | D:3      | Reached skill level 5 in Poison Magic
  3606 | D:3      | Identified the +6 short sword of Frustration {vorpal, rElec
                  | rN++ Str+8 Int-4}
  4139 | D:4      | Found an ornate altar of the Wu Jian Council.
  4359 | D:4      | Found a hazy altar of Hepliaklqana.
  4360 | D:4      | Found a faded altar of an unknown god.
  4485 | D:4      | Reached skill level 1 in Fighting
  4485 | D:4      | Reached skill level 5 in Stealth
  4485 | D:4      | Reached XP level 7. HP: 43/43 MP: 12/12
  4535 | D:4      | Found a bloodstained altar of Trog.
  4957 | D:4      | You fall into a shaft and drop 3 floors!
  5254 | D:7      | Found a staircase to the Ecumenical Temple.
  5263 | Temple   | Entered the Ecumenical Temple
  5322 | Temple   | Became a worshipper of Vehumet
  5358 | D:6      | Found Atreg's Weapon Shop.
  5411 | D:6      | Found Zuttodos's Jewellery Shoppe.
  5430 | D:6      | Reached XP level 8. HP: 32/48 MP: 6/14
  5466 | D:6      | Noticed Dowan
  5467 | D:6      | Noticed Duvessa
  5504 | D:6      | Killed Duvessa
  5512 | D:6      | Killed Dowan
  5599 | D:6      | Found a sand-covered staircase.
  5609 | Ossuary  | Entered an ossuary
  6326 | Ossuary  | Reached * piety under Vehumet
  6326 | Ossuary  | Offered knowledge of Sandblast by Vehumet.
  6343 | Ossuary  | Learned a level 1 spell: Sandblast
  6623 | D:6      | Reached skill level 1 in Air Magic
  6688 | D:6      | Found Oguhua's Weapon Shoppe.
  6700 | D:5      | Entered Level 5 of the Dungeon
  7211 | D:5      | Reached XP level 9. HP: 54/54 MP: 6/16
  7570 | D:4      | Found an iron altar of Okawaru.
  7751 | D:4      | Noticed Edmund
  7757 | D:4      | Noticed Sigmund
  7881 | D:4      | Killed Edmund
  7882 | D:4      | Reached skill level 5 in Spellcasting
  7954 | D:4      | Killed Sigmund
  7955 | D:4      | Reached skill level 1 in Conjurations
  8144 | D:5      | Learned a level 5 spell: Freezing Cloud
  8299 | D:6      | Found a basalt altar of Yredelemnul.
  9770 | D:6      | Reached skill level 1 in Ice Magic
  9770 | D:6      | Reached skill level 1 in Earth Magic
 11013 | D:7      | Reached XP level 10. HP: 60/60 MP: 10/19
 11643 | D:8      | Found a glowing silver altar of Zin.
 11644 | D:8      | Found a sparkling altar of Nemelex Xobeh.
 12793 | D:9      | Reached skill level 5 in Short Blades
 12975 | D:9      | Found an ancient bone altar of Kikubaaqudgha.
 13706 | D:10     | Entered Level 10 of the Dungeon
 13901 | D:9      | Slain by a troll

Illustrated notes

Levels and vault maps discovered:
D:1:      dpeg_arrival_shelter, layout_rooms,
          shapermc_ecumenical_altar_mp_urbaneastern, kennysheep_nondescript,
          st_stairs_10, dreamdust_mushroom_princess, columned_hall_lemuel,
          serial_bayou_lagoon_b
D:2:      layout_loops_ring, serial_undead, serial_undead_b, serial_undead_a,
          serial_undead_d, serial_undead_f, serial_undead_b, serial_undead_b,
          nicolae_kite_square_tiling_tiny
D:3:      layout_loops_corners, led_xom_imps, serial_shops,
          nicolae_shop_hallway_stairs, minmay_fractal_squares_gapless_5
D:4:      layout_loops_ring, lemuel_round_altar,
          beargit_hepliaklqana_dungeon_heroes, okawaru_gym_becter,
          trog_hazing_becter, palyth_stone_intersect, sigmund_edmund_badplayer
D:5:      layout_basic
D:6:      layout_rooms, yredelemnul_altar_generic, gup_ossuary_entry_pyramid,
          serial_shops, nicolae_shop_waterfront, shop,
          nicolae_shop_bloodbath_and_beyond, uniq_duvessa
D:7:      layout_cave_pods, minmay_temple_entry_stoned_glass
D:8:      layout_loops_corners, grunt_temple_overflow_open,
          minmay_unpleasant_kobolds
D:9:      layout_layer_cave, mainiacjoe_overflow_catwalk
D:10:     cheibrodos_shockbox, layout_stronghold, nicolae_uskayaw_suspiria,
          kennysheep_mini_moat, lightli_temple_of_fire, serial_column_ruins,
          column_ruins_square_medium, column_ruins_hut, column_ruins_grid_1,
          column_ruins_open_small, column_ruins_columns_corner,
          column_ruins_open_large, column_ruins_open_small, column_ruins_grid_1
Temple:   jpeg_temple_alley_garden

Skill      XL: |  1  2  3  4  5  6  7  8  9 10 |
---------------+-------------------------------+-----
Poison Magic   | 4 5 6 7 8 |  8.5
Stealth        | 3 4 5 6 8 |  8.6
Short Blades   | 1 2 3 4 5 |  5.0
Transmutations | 2 3 |  3.0
Spellcasting   | 3 4 6 7 |  7.1
Fighting       | 1 |  1.8
Dodging        | 3 |  3.9
Air Magic      | 1 2 |  2.6
Conjurations   | 1 2 |  2.4
Ice Magic      | 2 4 |  4.0
Earth Magic    | 2 3 |  3.3
Shields        | |  0.8

Action                   |  1- 3 |  4- 6 |  7- 9 | 10-12 || total
-------------------------+-------+-------+-------+-------++-------
Melee: Unarmed           |     3 |       |       |       ||     3
       Tentacles         |    11 |    24 |    47 |     5 ||    87
       Dagger            |    57 |   116 |   163 |    22 ||   358
       Constrict         |    13 |    31 |    36 |     2 ||    82
       Punch             |       |       |     4 |       ||     4
 Cast: Sting             |    20 |    23 |    12 |     1 ||    56
       Olgreb's Toxic Ra |       |     2 |    32 |    14 ||    48
       Mephitic Cloud    |       |     1 |    11 |     1 ||    13
       Sandblast         |       |       |    50 |     4 ||    54
  Use: Scroll            |       |     6 |     6 |     4 ||    16
 Stab: Sleeping          |     8 |    16 |     9 |     7 ||    40
       Confused          |       |     1 |     2 |     1 ||     4
       Distracted        |       |       |     1 |       ||     1
Armor: Skin              |     4 |     8 |       |     2 ||    14
Dodge: Dodged            |    48 |    90 |   137 |    42 ||   317
Block: Other             |       |       |    16 |    12 ||    28
       Reflection        |       |       |       |     2 ||     2
